 Dungeon Sprint DCSS version 0.18.1-48-g4cf74bf (webtiles) character file.

913 Iskender the Cleaver (level 8, 34/58 HPs)
             Began as a Human Fighter on July 14, 2016.
             Was a High Priest of Makhleb.
             Quit the game in the Dungeon (Sprint VII: "The Pits").
             The game lasted 00:05:02 (563 turns).

Iskender the Cleaver (Human Fighter)                 Turns: 563, Time: 00:05:03

Health: 34/58      AC: 13    Str: 16    XL:     8   Next: 30%
Magic:  8/8        EV:  5    Int:  9    God:    Makhleb [*****.]
Gold:   0          SH: 10    Dex: 15    Spells: 0 memorised, 7 levels left

rFire  . . .     SeeInvis .     a - +2 hand axe (chop)
rCold  . . .     Gourm    .     x - +3 chain mail
rNeg   . . .     Faith    .     c - +0 shield
rPois  .         Spirit   .     (no helmet)
rElec  .         Dismiss  .     (no cloak)
rCorr  .         Reflect  .     (no gloves)
SustAt .         Harm     .     (no boots)
MR     .....     NoTele   +     (no amulet)
Stlth  ..........               (no ring)
                                (no ring)

@: exhausted, slowed, very slow, not resistant to hostile enchantments,
extremely unstealthy
A: no striking features
a: Minor Destruction, Lesser Servant of Makhleb, Major Destruction, Greater
Servant of Makhleb, Renounce Religion


You were in the Dungeon.
You worshipped Makhleb.
Makhleb was extremely pleased with you.
You were very hungry.

You visited 1 branch

Inventory:

Hand Weapons
 a - a +2 hand axe of chopping (weapon)
 v - a +0 war axe
 w - a +2 trident of piercing
Missiles
 s - 14 stones (quivered)
Armour
 b - a +0 scale mail
 c - a +0 shield (worn)
 x - a +3 chain mail (worn)
Magical Staves
 t - an uncursed staff of energy
Scrolls
 k - a scroll of blinking
 l - 3 scrolls of remove curse
 m - 5 scrolls of amnesia
 n - a scroll of summoning
 r - 2 scrolls of vulnerability
Potions
 d - a potion of might
 e - 6 potions of curing
 g - 4 potions of heal wounds
 h - a potion of haste
 i - 4 potions of magic
 q - 2 potions of invisibility
Comestibles
 f - 8 bread rations
 o - 40 fruits
 p - 7 meat rations


   Skills:
 - Level 3.0 Fighting
 - Level 14.8 Axes
 + Level 6.0 Armour
 + Level 6.0 Shields


You had 7 spell levels left.
You didn't know any spells.

Dungeon Overview and Level Annotations

Branches:
Dungeon (1/1)

Altars:
Ashenzari
Cheibriados
Dithmenos
Elyvilon
Fedhas
Gozag
Kikubaaqudgha
Makhleb
Nemelex Xobeh
Okawaru
Pakellas
Qazlal
Ru
Sif Muna
Trog
Vehumet
Xom
Yredelemnul
Zin
The Shining One
Beogh
Jiyva
Lugonu


Message History

Your shield and chain mail prevent you from hitting the six-headed hydra.
The fire bat bites you but does no damage.
You slice one of the six-headed hydra's heads off!
The five-headed hydra grows two more!
You slash the seven-headed hydra!
The seven-headed hydra is moderately wounded.
The seven-headed hydra bites you.
You block the seven-headed hydra's attack.
The seven-headed hydra bites you but does no damage.
The seven-headed hydra bites you!
The seven-headed hydra bites you but does no damage.
The seven-headed hydra barely misses you.
The seven-headed hydra bites you but does no damage.
You are no longer berserk.
You are exhausted.
You feel yourself slow down.
You are feeling very hungry.
The fire bat bites you but does no damage.
There is an open door here.
You see here a mace.
Are you sure you want to abandon this character and quit the game? (Confirm with "yes".)

#.#..[))...##.......##..#
#.#....))..##.......##..#
#'###########.......##...
#.......# #########
#.......# ##### #...#...#
....# #..###..#+#.x..#
#...#...#.bD...+
#.......#@#....#
#.......'.#....#
################


You could see a seven-headed hydra, a small abomination and a fire bat.

Vanquished Creatures
  A molten gargoyle (D)
  An ice devil (D)
  A flying skull (D)
  A scorpion (D)
  A crimson imp (D)
  3 jellies (D)
  An adder (D)
  An ufetubus (D)
  An ooze (D)
  4 orcs (D)
  A bat (D)
  A giant cockroach (D)
  A hobgoblin (D)
  2 kobolds (D)
  A quokka (D)
  2 giant newts (D)
23 creatures vanquished.

Notes
Turn   | Place    | Note
--------------------------------------------------------------
     0 | D        | Iskender the Human Fighter began the quest for the Orb.
     0 | D        | Reached XP level 1. HP: 18/18 MP: 1/1
    24 | D        | Noticed a flying skull
    36 | D        | Noticed a water moccasin
    93 | D        | Found a sacrificial altar of Ru.
    93 | D        | Found a shadowy altar of Dithmenos.
    93 | D        | Found a bloodstained altar of Trog.
    93 | D        | Found a deep blue altar of Sif Muna.
    93 | D        | Found a shimmering altar of Xom.
    93 | D        | Found a sparkling altar of Nemelex Xobeh.
    93 | D        | Found a corrupted altar of Lugonu.
    93 | D        | Found a viscous altar of Jiyva.
    94 | D        | Found a basalt altar of Yredelemnul.
    94 | D        | Found a glowing golden altar of the Shining One.
    94 | D        | Found a shattered altar of Ashenzari.
    94 | D        | Found a white marble altar of Elyvilon.
    94 | D        | Found a snail-covered altar of Cheibriados.
    94 | D        | Found a blossoming altar of Fedhas.
    94 | D        | Found a radiant altar of Vehumet.
    94 | D        | Found a burning altar of Makhleb.
    94 | D        | Found an ancient bone altar of Kikubaaqudgha.
    94 | D        | Found a glowing silver altar of Zin.
    94 | D        | Found a roughly hewn altar of Beogh.
    94 | D        | Found an iron altar of Okawaru.
    95 | D        | Found an oddly glowing altar of Pakellas.
   116 | D        | Found a stormy altar of Qazlal.
   116 | D        | Found an opulent altar of Gozag.
   125 | D        | Became a worshipper of Makhleb the Destroyer
   145 | D        | Reached skill level 3 in Axes
   153 | D        | Reached * piety under Makhleb
   160 | D        | Reached skill level 4 in Axes
   160 | D        | Reached XP level 2. HP: 22/24 MP: 2/2
   163 | D        | Reached ** piety under Makhleb
   195 | D        | Reached skill level 5 in Axes
   200 | D        | Reached *** piety under Makhleb
   200 | D        | Reached skill level 7 in Axes
   200 | D        | Reached XP level 3. HP: 29/29 MP: 3/3
   249 | D        | Noticed a flying skull
   270 | D        | Reached XP level 4. HP: 27/35 MP: 4/4
   299 | D        | Reached **** piety under Makhleb
   299 | D        | Reached skill level 8 in Axes
   382 | D        | Noticed an ice devil
   391 | D        | Killed an ice devil
   391 | D        | Reached skill level 12 in Axes
   391 | D        | Reached XP level 5. HP: 41/41 MP: 5/5
   391 | D        | Reached XP level 6. HP: 47/47 MP: 6/6
   397 | D        | Reached skill level 13 in Axes
   397 | D        | Reached XP level 7. HP: 52/52 MP: 7/7
   438 | D        | Killed a flying skull
   438 | D        | Reached skill level 14 in Axes
   440 | D        | Reached ***** piety under Makhleb
   545 | D        | Noticed a molten gargoyle
   556 | D        | Killed a molten gargoyle
   556 | D        | Reached XP level 8. HP: 58/58 MP: 8/8
   558 | D        | Noticed a fire bat
   559 | D        | Noticed a six-headed hydra
   563 | D        | Quit the game

Skill      XL: |  1  2  3  4  5  6  7 |
---------------+----------------------+-----
Axes           | 4 7 12 13 14 | 14.8
Armour         | 6 |  6.0
Shields        | 6 |  6.0
Fighting       | |  3.0

Action                   |  1- 3 |  4- 6 |  7- 9 || total
-------------------------+-------+-------+-------++-------
Melee: War axe           |    42 |    14 |       ||    56
       Hand axe          |       |    11 |    47 ||    58
  Use: Potion            |     1 |     2 |     2 ||     5
Armor: Scale mail        |    19 |     5 |       ||    24
       Chain mail        |       |     1 |    21 ||    22
Dodge: Dodged            |    11 |     3 |     5 ||    19
Block: Shield            |    22 |     6 |    12 ||    40
